[Event "97th Argentine Championship 2022"]
[Site "Barichole"]
[Date "2022.12.10"]
[Round "11.4"]
[White "Flores, Diego"]
[Black "Valerga, Diego"]
[Result "1-0"]
[ECO "A14"]
[WhiteElo "2547"]
[BlackElo "2438"]
[Annotator "TA"]
[PlyCount "65"]
[EventDate "2022.12.01"]
[EventType "tourn"]
[EventCountry "ARG"]
[SourceTitle "playchess.com"]
[Source "ChessBase"]
[SourceQuality "1"]
[TimeControl "40/5400+30:1800+30"]

1. c4 e6 2. g3 Nf6 3. Bg2 d5 4. Nf3 Be7 5. O-O O-O 6. b3 b6 7. Bb2 Bb7 8. e3 c5 9. Nc3 {[%emt 0:01:34] 9.Qe2 is the fancy move.} Qc8 {[%emt 0:01:00] A14: English Opening: 1...e6 with b3 by White.} 10. Rc1 Rd8 11. d4 dxc4 {[%emt 0:12:47] The position is equal.} 12. bxc4 cxd4 13. exd4 Qxc4 14. Ne5 Qa6 15. d5 $1 {[%emt 0:00:06] [#]} Nbd7 $146 (15... exd5 {simplifies} 16. Re1 Qa5 17. Ng4 Nc6) ({Predecessor:} 15... Nxd5 16. Nxd5 Bxd5 17. Qh5 g6 18. Qh6 Bf8 19. Qh4 Bxg2 20. Qxd8 Bxf1 21. Rc8 Nd7 22. Rxa8 Bh3 {0-1 (22) Chigaev,M (2637)-Graif,W (2305) Chess.com INT 2022}) 16. Nxf7 {[%emt 0:01:34][%mdl 64] Remove Defender, Decoy} Kxf7 17. dxe6+ Kf8 18. exd7 {[%emt 0:00:21] Black must now prevent Bh3.} Bxg2 19. Kxg2 Rxd7 20. Qb3 (20. Qf3 {simplifies} Rad8 21. Ne4 Qd3 22. Qxd3 Rxd3 23. Ng5) 20... Rad8 21. Rce1 Qb7+ (21... Rd3 {is more complex.} 22. Qe6 Qb7+ 23. Ne4 Qd5) 22. Kg1 Qf3 {[%emt 0:00:00] [#]} 23. Rxe7 $1 Rxe7 24. Ba3 Rdd7 25. Re1 {[%emt 0:04:36][%cal Ob3e6][%mdl 64] Pin} Ke8 26. Bxe7 $16 {[%emt 0:01:30] The board is on fire.} ({Reject} 26. Rxe7+ $6 Rxe7 27. Bxe7 Kxe7 $11) 26... Rxe7 27. Qa4+ $40 {[%emt 0:00:31][%mdl 128] White is out for blood.} Nd7 {[%emt 0:00:00][%cal Re7e1] [#]} 28. Ne4 $1 {[%emt 0:00:33] Hoping for Qc6.} ({Don't do} 28. Rxe7+ Kxe7 29. Qd4 Nf6 $11) 28... Qd3 $2 {[%emt 0:00:00][%mdl 8192] This move loses the game for Black.} (28... Kf8 $16 29. Qxa7 Qh5) 29. Qc6 $18 {[%emt 0:09:16] Qc8+ is the strong threat. White is clearly winning.} h6 30. Re3 Qd1+ 31. Kg2 {[%emt 0:00:10] aiming for Nd6+.} Kf8 32. Nc3 Qg4 33. Qd6 {[%emt 0:01:12] Weighted Error Value: White=0.05 (flawless) /Black=0.41} 1-0

[Event "97th Argentine Championship 2022"]
[Site "Barichole"]
[Date "2022.12.10"]
[Round "11.5"]
[White "Sorin, Ariel"]
[Black "Perez Ponsa, Federico"]
[Result "0-1"]
[ECO "E75"]
[WhiteElo "2363"]
[BlackElo "2538"]
[Annotator "TA"]
[PlyCount "78"]
[EventDate "2022.12.01"]
[EventType "tourn"]
[EventCountry "ARG"]
[SourceTitle "playchess.com"]
[Source "ChessBase"]
[SourceQuality "1"]
[TimeControl "40/5400+30:1800+30"]

1. d4 Nf6 2. c4 g6 3. Nc3 Bg7 4. e4 d6 5. Be2 O-O 6. Bg5 c5 7. d5 e6 8. Qd2 exd5 9. exd5 Qb6 10. Nf3 Bf5 11. Nh4 {[%emt 0:02:05] E75: King's Indian: Averbakh Variation: 6...c5 7 d5 e6.} Ne4 12. Nxe4 Bxe4 13. f3 {[%emt 0:00:53] The position is equal.} h6 $1 (13... Qxb2 14. Rc1 $16) ({Don't do} 13... Bxb2 14. Rd1 Bxd5 15. cxd5 $16) 14. Bxh6 Bxh6 ({Don't play} 14... Qxb2 15. Qxb2 Bxb2 16. Bxf8 Kxf8 17. Kd2 $1 Bxa1 18. Rxa1 $16) 15. Qxh6 Qxb2 16. O-O Bc2 {[%emt 0:00:20][%cal Be4c2,Bc2a4,Ba4d7][%mdl 32] Active counter play!} 17. Rac1 {[%emt 0:06:34] And now Rf2 would win.} Re8 $1 18. Qd2 Qf6 19. g3 Ba4 20. f4 Nd7 21. Nf3 Re7 22. Bd3 {[%emt 0:00:00][%cal Of4f5] [#]} Nf8 $146 {[%emt 0:10:37] Against f5} (22... Rae8 $11) ({Predecessor:} 22... Rae8 23. f5 Ne5 24. Nxe5 Qxe5 25. fxg6 Qd4+ 26. Qf2 Qxf2+ 27. Rxf2 fxg6 28. Bxg6 Re1+ 29. Rxe1 Rxe1+ {1-0 (43) Erdenieva,O (2160)-Marjina,A (2025) Novokuznetsk 2016}) 23. g4 (23. f5 $14 {feels stronger.}) 23... Rae8 $11 24. Rf2 Bd7 25. f5 Re3 26. Rcf1 gxf5 (26... a6 $15) 27. gxf5 Nh7 (27... Bxf5 $2 28. Bxf5 Qxf5 29. Rg2+ Ng6 30. Ng5 $18) 28. Kh1 Kf8 (28... Bxf5 $2 29. Bxf5 Qxf5 30. Rg1+ Kf8 31. Ng5 $1 Qxg5 32. Rxg5 Nxg5 33. Qb2 $18) 29. Ne1 Qd4 $1 {[%emt 0:08:57] Hoping for ...Ng5.} 30. Rf4 $1 Qe5 31. Ng2 Rh3 32. f6 $2 {[%emt 0:00:00] [#]} (32. Nh4 $1 $11 Ng5 33. f6) 32... Qh5 $1 $19 ({Much less strong is} 32... Nxf6 33. Nh4 Rxh4 34. Rxh4 $18) 33. Ne1 {[%emt 0:00:00] [#]} Ng5 $1 {[%emt 0:04:53][%cal Oe8e1] Strongly threatening ...Rxe1! Really sharp!} 34. Rg1 {[%emt 0:00:00] [#]} (34. R1f2) 34... Rxe1 $1 {[%emt 0:02:26][%mdl 512] Black is clearly winning.} 35. Rxe1 {[%emt 0:00:00] Black must now prevent Bf1.} Nf3 36. Rxf3 Qxf3+ 37. Kg1 Qxd3 38. Qg2 (38. Qxd3 $142 Rxd3 39. Re7) 38... Qd4+ (38... Qxc4 $2 39. Qg7#) 39. Kh1 Qxf6 {[%emt 0:00:27] Weighted Error Value: White=0.66/Black=0.03 (flawless)} 0-1

[Event "97th Argentine Championship 2022"]
[Site "Barichole"]
[Date "2022.12.10"]
[Round "11.6"]
[White "Paveto, Kevin"]
[Black "Gaitan, Juan Manuel"]
[Result "1/2-1/2"]
[ECO "C42"]
[WhiteElo "2431"]
[BlackElo "2347"]
[Annotator "TA"]
[PlyCount "62"]
[EventDate "2022.12.01"]
[EventType "tourn"]
[EventCountry "ARG"]
[SourceTitle "playchess.com"]
[Source "ChessBase"]
[SourceQuality "1"]
[TimeControl "40/5400+30:1800+30"]

1. e4 e5 2. Nf3 Nf6 3. Nxe5 d6 4. Nf3 Nxe4 5. Bd3 Nc5 6. Be2 {[%emt 0:00:07] C42: Petroff Defence: 3 Nxe5 and unusual White 3rd moves.} Be7 7. O-O d5 8. d4 {[%emt 0:04:11] White is slightly better.} Ne4 9. Bf4 O-O 10. Nbd2 {[%emt 0:01:28][%cal Bb1d2,Bd2f1,Bf1e3][%mdl 32] [#]} Bd6 $146 ({Predecessor:} 10... Nd7 11. Ne5 Nxe5 12. Bxe5 Bf5 13. f3 Nd6 14. Re1 c6 15. Nf1 Nc4 16. Bxc4 dxc4 {0-1 (58) Cohen,E (1964)-Dovbnia,N (1777) Bratislava 2019}) 11. Bxd6 Nxd6 12. c3 Bf5 13. Re1 Nd7 14. Nf1 Re8 15. Ne3 Be4 16. Nd2 c6 (16... Qg5 {feels hotter.} 17. Nxe4 Nxe4 18. Bd3 Ndf6) 17. Nxe4 Nxe4 18. Bd3 Qg5 19. Qf3 Re6 20. Re2 Rae8 21. Rae1 h5 22. Nf1 Ndf6 (22... Qg4 {simplifies} 23. Qxg4 hxg4 24. Bxe4 dxe4 25. Ne3 Nf6) 23. h3 Qh4 24. Bxe4 Nxe4 25. Ng3 Ng5 26. Qd3 g6 27. Rxe6 Rxe6 28. Rxe6 Nxe6 29. Ne2 Qg5 30. g3 Ng7 31. h4 Qf5 {[%emt 0:00:06] Weighted Error Value: White=0.04 (flawless) /Black=0.03 (flawless)} 1/2-1/2